 Dungeon Crawl Stone Soup version 0.27.0-65-ge2af304b15 (webtiles) character file.

Game seed: 3198369285207908017

3138 Malachi the Covert (level 9, -1/57 HPs)
             Began as a Vampire Enchanter on Aug 19, 2021.
             Was an Initiate of Gozag.
             Slain by a hornet (14 damage)
             ... on level 7 of the Dungeon.
             The game lasted 00:16:55 (9260 turns).

Malachi the Covert (Vampire Enchanter)              Turns: 9260, Time: 00:16:56

Health: -1/57      AC:  7    Str:  7    XL:     9   Next: 61%
Magic:  18/18      EV: 12    Int: 20    God:    Gozag
Gold:   908        SH:  5    Dex: 15    Spells: 11/20 levels left

rFire    . . .     SeeInvis +   n - +5 dagger
rCold    . . .     Faith    .   (no shield)
rNeg     . . .     Spirit   .   b - +0 robe
rPois    .         Reflect  +   h - +1 hat
rElec    .         Harm     .   j - +2 cloak {rCorr}
rCorr    +         Rampage  .   (no gloves)
Will     .....                  d - +0 pair of boots
Stlth    ++++++....             s - amulet of reflection
HPRegen  0.39/turn              f - ring of flight
MPRegen  0.16/turn              (no ring)

@: lethally poisoned (-1 -> -10), flying, healing quickly
A: alive, fangs 3, see invisible, vampiric 2
a: Exsanguinate, Renounce Religion, Potion Petition, Call Merchant, Bribe Branch


You were on level 7 of the Dungeon.
You worshipped Gozag.
Gozag was pleased with you.
You visited 2 branches of the dungeon, and saw 9 of its levels.

You collected 1021 gold pieces.
You paid 113 gold pieces to Gozag.

Inventory:

Hand Weapons
 k - a +4 quarterstaff of chaos
 n - a +5 dagger (weapon)
Armour
 b - a +0 robe (worn)
 d - a +0 pair of boots (worn)
 h - a +1 hat (worn)
 j - a +2 cloak of preservation (worn)
Jewellery
 f - a ring of flight (left hand)
 s - an amulet of reflection (around neck)
 u - a ring of ice
Scrolls
 a - 6 scrolls of magic mapping
 t - a scroll of teleportation
Potions
 c - 3 potions of lignification
 g - 2 potions of haste
 i - 3 potions of brilliance
 l - 3 potions of mutation
 m - 2 potions of curing
 o - 3 potions of attraction
 p - a potion of cancellation {unknown}
 q - 2 potions of magic
 r - 2 potions of degeneration {unknown}


   Skills:
 - Level 3.0 Short Blades
 - Level 2.1 Dodging
 + Level 13.9 Stealth
 + Level 6.4 Spellcasting
 - Level 10.0 Hexes
 - Level 3.0 Ice Magic


You had 11 spell levels left.
You knew the following spells:

 Your Spells              Type           Power      Damage    Failure   Level
a - Corona                Hex            51%        N/A       1%          1
b - Ensorcelled Hibernat  Hex/Ice        64%        N/A       1%          2
c - Confusing Touch       Hex            46%        N/A       1%          3
d - Tukima's Dance        Hex            46%        N/A       1%          3

Your spell library contained the following spells:

 Spells                   Type           Power      Damage    Failure   Level
 Dazzling Flash           Conj/Hex       52%        N/A       3%          3
 Static Discharge         Conj/Air       6%         N/A       16%         2
 Lightning Bolt           Conj/Air       3%         1d14      95%         5
 Summon Forest            Summ/Tloc      3%         N/A       95%         5
 Eringya's Noxious Bog    Tmut/Pois      3%         N/A       100%        6
 Summon Hydra             Summ           3%         N/A       100%        7
 Maxwell's Capacitive Co  Air            3%         ∞         100%        8


Dungeon Overview and Level Annotations

Branches:
Dungeon (8/15)             Temple (1/1) D:4
   Lair: D:8-11

Altars:
Ashenzari
Cheibriados
Dithmenos
Elyvilon
Fedhas
Gozag
Hepliaklqana
Kikubaaqudgha
Makhleb
Nemelex Xobeh
Okawaru
Qazlal
Ru
Sif Muna
Trog
Uskayaw
Vehumet
Wu Jian
Xom
Yredelemnul
Zin

Shops:
D:5 [


Innate Abilities, Weirdness & Mutations

Your natural rate of healing is accelerated.
You have razor-sharp teeth.
You have supernaturally acute eyesight. (SInv)
You are afflicted with vampirism and can become a bat while bloodless.


Message History

You reach down and open the door.
A centaur and a wight come into view.
Found 39 gold pieces.
There are monsters nearby!
An iguana and a hornet come into view.
There is an open door here.
The centaur shouts!
The centaur wields a +0 shortbow.
The centaur shoots an arrow.
The arrow hits you.
The hornet buzzes angrily.
You hear a shout!
The centaur unwields a +0 shortbow.
The centaur hits you.
The centaur kicks you but does no damage.
The hornet stings you.
You feel yourself slow down. The wight closely misses you.
A gnoll comes into view. It is wielding a +0 spear.
Found 42 gold pieces.
You feel yourself speed up.
The centaur wields a +0 shortbow.
The centaur shoots an arrow.
The arrow hits you! The hornet stings you!
You are poisoned.
You feel yourself slow down.
The centaur shoots an arrow.
The arrow hits you.
You feel yourself speed up.
You feel very sick. The hornet stings you.
You are more poisoned.
You feel yourself slow down.
The centaur unwields a +0 shortbow.
The centaur hits you but does no damage.
The centaur barely misses you. You block the wight's attack.
You block the hornet's attack.
As you read the scroll of fog, it crumbles to dust.
The scroll dissolves into smoke.
You feel yourself speed up.
You feel very sick. The centaur hits you.
* * * LOW HITPOINT WARNING * * *
The centaur closely misses you. The hornet closely misses you.
The centaur closely misses you. The centaur misses you. The wight misses you.
The hornet stings you!
You die...
Your body crumbles into a pile of gold.

#..[...###### #.....# #####
#.#.##.##...# #.....# ###...#
..>...))..#.#######.....###...#.[
....#...###......#..........#####
..#...### ######...########## ##.
..###.# ###...#####......# #..
..# #.# #....lz.###).....## ##.#
..# #<# #.$#$#cy##........###...
..# ### #$#$#@##..#..#..##..#.
..# .$#.#§§§§...##....'.... ..#
##...§.###..#..#..#####' ..#
##...# #........#..... ..# ##+#
##......##..... ..# $
+......#..#.#. ..# $
########...#.. ..# $
+......'..#.#. ..###### $
####'####.....


You could see a hornet, a centaur, an iguana and a wight.

Vanquished Creatures
  An unseen horror (D:7)
  A steam dragon (D:8)
  Edmund (D:5)
  A water moccasin (D:7)
  A hornet zombie (D:7)
  2 sky beasts
  2 ogres
  2 phantoms
  4 bullfrogs
  A water moccasin zombie (D:5)
  3 scorpions
  12 wights
  3 hounds
  Crazy Yiuf (D:2)
  2 jellies
  6 orc priests
  A centaur skeleton (D:6)
  Jessica (D:2)
  3 gnoll shamans
  2 iguanas (D:5)
  Natasha (thrice) (D:2)
  3 orc wizards
  Robin (D:2)
  10 gnolls
  3 adders
  A white imp (D:7)
  An ufetubus (D:3)
  2 adder skeletons
  2 worms
  2 dart slugs
  21 orcs
  4 endoplasms
  2 giant cockroaches
  10 goblins
  10 hobgoblins
  5 jackals (D:2)
  4 quokkas
  7 ball pythons
  5 bats
  3 frilled lizards
  7 kobolds
  4 rats
160 creatures vanquished.

Vanquished Creatures (others)
  10 plants (D:8)
  3 withered plants (D:2)
13 creatures vanquished.

Grand Total: 173 creatures vanquished

Notes
Turn   | Place    | Note
-------+----------+-------------------------------------------
     0 | D:1      | Malachi the Vampire Enchanter began the quest for the Orb.
     0 | D:1      | Reached XP level 1. HP: 13/13 MP: 3/3
   335 | D:1      | Reached XP level 2. HP: 19/19 MP: 5/5
   355 | D:1      | Reached skill level 5 in Stealth
  1115 | D:2      | Noticed Robin
  1116 | D:2      | Killed Robin
  1117 | D:2      | Gained mutation: You are afflicted with vampirism and can
                  | become a bat while bloodless. [Vampire growth]
  1117 | D:2      | Reached XP level 3. HP: 24/24 MP: 6/6
  1487 | D:2      | Reached skill level 6 in Stealth
  1593 | D:2      | Learned a level 2 spell: Ensorcelled Hibernation
  1597 | D:2      | Learned a level 3 spell: Confusing Touch
  1636 | D:2      | Found a faded altar of an unknown god.
  1672 | D:2      | Reached XP level 4. HP: 25/30 MP: 0/7
  1749 | D:2      | Found a shimmering blue altar of Sif Muna.
  2029 | D:2      | Found a runed translucent door.
  2030 | D:2      | Noticed Crazy Yiuf
  2066 | D:2      | Noticed Jessica
  2072 | D:2      | Killed Jessica
  2108 | D:2      | HP: 1/30 [poisoned by an adder]
  2230 | D:2      | Reached skill level 5 in Hexes
  2488 | D:2      | Noticed Natasha
  2495 | D:2      | Killed Natasha
  2496 | D:2      | Reached skill level 7 in Stealth
  2496 | D:2      | Reached XP level 5. HP: 35/35 MP: 8/8
  2585 | D:2      | Killed Crazy Yiuf
  2633 | D:2      | Noticed Natasha
  2638 | D:2      | Killed Natasha
  2795 | D:2      | Noticed Natasha
  2815 | D:2      | Killed Natasha
  3561 | D:4      | Reached XP level 6. HP: 35/41 MP: 6/9
  3569 | D:4      | Reached skill level 8 in Stealth
  3596 | D:5      | Entered Level 5 of the Dungeon
  3683 | D:4      | Reached skill level 1 in Ice Magic
  3868 | D:4      | Found an ornate altar of the Wu Jian Council.
  3879 | D:4      | Found a hide-covered altar of Uskayaw.
  3977 | D:4      | Found a staircase to the Ecumenical Temple.
  4662 | D:5      | Found Qumnoss's Armour Shop.
  4743 | D:5      | Found a stormy altar of Qazlal.
  4769 | D:5      | Reached XP level 7. HP: 46/46 MP: 7/10
  4809 | D:5      | Reached skill level 9 in Stealth
  5089 | D:5      | Noticed Edmund
  5096 | D:5      | Killed Edmund
  5290 | D:5      | Reached skill level 10 in Stealth
  5911 | D:6      | Reached XP level 8. HP: 51/52 MP: 8/12
  6251 | D:6      | Found a shadowy altar of Dithmenos.
  6737 | Temple   | Entered the Ecumenical Temple
  6828 | Temple   | Became a worshipper of Gozag Ym Sagoz the Greedy
  6980 | D:7      | Reached skill level 11 in Stealth
  7518 | D:8      | Reached skill level 10 in Hexes
  7524 | D:8      | Learned a level 3 spell: Tukima's Dance
  7592 | D:8      | Reached skill level 12 in Stealth
  7958 | D:8      | Found a hazy altar of Hepliaklqana.
  7982 | D:8      | Reached XP level 9. HP: 52/57 MP: 7/15
  8410 | D:7      | Reached skill level 5 in Spellcasting
  9007 | D:7      | Reached skill level 13 in Stealth
  9214 | D:7      | Noticed an unseen horror
  9220 | D:7      | Killed an unseen horror
  9260 | D:7      | Slain by a hornet

Illustrated notes

Levels and vault maps discovered:
D:1:      dpeg_arrival_houses_and_road, layout_basic,
          chequers_serial_rivers_large_b
D:2:      layout_basic, basic_altar, ebering_ecumenical_altar_petrified,
          uniq_natasha, uniq_robin, uniq_jessica, uniq_crazy_yiuf_cottage
D:3:      layout_rooms, lemuel_flame_loot_1
D:4:      layout_rooms, minitemple, minmay_temple_entry_enclosed_plants,
          serial_rivers, chequers_serial_rivers_micro_c,
          chequers_serial_rivers_micro_a, chequers_serial_rivers_marsh,
          chequers_serial_rivers_room_b, chequers_serial_rivers_large_a,
          minivault_24, kennysheep_flooded_box
D:5:      layout_basic, grunt_qazlal_clouds, serial_shops, shop,
          hangedman_decor_opposing, minivault_24, uniq_edmund
D:6:      layout_rooms, mainiacjoe_overflow_paths
D:7:      minmay_polygon_palace, layout_basic
D:8:      layout_loops_ring, nicolae_hepliaklqana_hazy_memory,
          chequers_serial_rivers_micro_c, hangedman_abyss_or_decor_stabs
Temple:   lightli_temple_of_artemis

Skill      XL: |  1  2  3  4  5  6  7  8  9 |
---------------+----------------------------+-----
Stealth        | 5 6 7 8 10 12 13 | 13.9
Short Blades   | 2 3 |  3.0
Hexes          | 5 6 7 8 10 | 10.0
Ice Magic      | 2 3 |  3.0
Spellcasting   | 4 6 |  6.4
Dodging        | |  2.1

Action                   |  1- 3 |  4- 6 |  7- 9 || total
-------------------------+-------+-------+-------++-------
Melee: Dagger            |   191 |   181 |   228 ||   600
       Bite              |    15 |    18 |    22 ||    55
 Cast: Ensorcelled Hiber |     3 |    22 |    70 ||    95
       Confusing Touch   |       |     3 |    21 ||    24
  Use: Scroll            |     3 |     2 |    10 ||    15
       Potion            |     2 |     1 |       ||     3
 Stab: Sleeping          |    10 |    21 |    50 ||    81
       Confused          |       |     5 |    21 ||    26
       Distracted        |       |     1 |       ||     1
Armor: Robe              |    45 |    60 |    36 ||   141
Dodge: Dodged            |   125 |    91 |   106 ||   322
Block: Other             |       |       |    12 ||    12
